 Dungeon Sprint DCSS version 0.19-a0-895-gdbd5520 (webtiles) character file.

6245 LORDOFBUTT the Brawler (level 10, -1/88 HPs)
             Began as a Troll Berserker on July 4, 2016.
             Was the Champion of Trog.
             Slain by a catoblepas (28 damage)
             ... in the Dungeon (Sprint IX: "|||||||||||||||||||||||||||||").
             The game lasted 00:02:56 (855 turns).

LORDOFBUTT the Brawler (Troll Berserker)             Turns: 855, Time: 00:02:57

Health: -1/88      AC:  7    Str: 27    XL:     10   Next: 62%
Magic:  9/9        EV: 19    Int:  4    God:    Trog [******]
Gold:   8          SH:  0    Dex: 14    Spells: 0 memorised, 9 levels left

rFire  . . .     SeeInvis .       - Unarmed
rCold  . . .     Gourm    +     a - +0 animal skin
rNeg   . . .     Faith    .     (no shield)
rPois  .         Spirit   .     (helmet restricted)
rElec  .         Dismiss  .     (no cloak)
rCorr  .         Reflect  .     (gloves unavailable)
SustAt .         Harm     .     (boots unavailable)
MR     .....     NoTele   +     (no amulet)
Stlth  +.........               n - +3 ring of dexterity
                                m - +2 ring of protection

@: exhausted, slowed, very slow, not resistant to hostile enchantments, very
unstealthy
A: unfitting armour, claws 3, fast metabolism 3, gourmand, regeneration 2,
shaggy fur 1, tough skin 2
a: Berserk, Trog's Hand, Brothers in Arms, Burn Spellbooks, Renounce Religion


You were in the Dungeon.
You worshipped Trog.
Trog was exalted by your worship.
You were very full.

You visited 1 branch You collected 8 gold pieces.

Inventory:

Armour
 a - a +0 animal skin (worn)
Jewellery
 m - a +2 ring of protection (left claw)
 n - a +3 ring of dexterity (right claw)
Wands
 l - a wand of acid (7/15)
Scrolls
 h - 2 scrolls of blinking
 k - 3 scrolls of remove curse
 p - 2 scrolls of fear
 q - 2 scrolls of fog
 r - 2 scrolls of enchant armour
 s - 2 scrolls of enchant weapon
Potions
 c - 8 potions of curing
 d - 4 potions of heal wounds
 e - 3 potions of haste
 f - 4 potions of magic
 g - a potion of berserk rage
 i - a potion of might
 j - a potion of invisibility
Comestibles
 b - 2 bread rations


   Skills:
 - Level 2.4 Fighting
 + Level 14.9 Dodging
 + Level 17.3 Unarmed Combat


You had 9 spell levels left.
You didn't know any spells.

Dungeon Overview and Level Annotations

Branches:
Dungeon (1/1)

Altars:
Cheibriados
Dithmenos
Elyvilon
Fedhas
Gozag
Hepliaklqana
Kikubaaqudgha
Makhleb
Nemelex Xobeh
Okawaru
Pakellas
Qazlal
Ru
Sif Muna
Trog
Uskayaw
Vehumet
Xom
Yredelemnul
Zin
The Shining One
Beogh
Jiyva
Lugonu


Innate Abilities, Weirdness & Mutations

You are too large for most types of armour.
You have claws for hands.
Your metabolism is lightning-fast.
You like to eat raw meat.
You heal very quickly.
You are covered in fur. (AC +1)
You have very tough skin. (AC +2)


Message History

You kill the yak!
Trog accepts your kill.
You are engulfed in calcifying dust.
Your limbs have turned to stone.
The yak is engulfed in calcifying dust.
The yak stops moving altogether!
You have turned to stone.
You are engulfed in calcifying dust.
The yak is engulfed in calcifying dust.
You are engulfed in calcifying dust.
The yak is engulfed in calcifying dust.
Found a meat ration.
You are engulfed in calcifying dust.
You are no longer berserk.
You feel yourself slow down.
The yak is engulfed in calcifying dust.
You are engulfed in calcifying dust.
You turn to flesh and can move again.
Unknown command.
The yak is no longer petrified.
Found a +1 hunting sling of flaming.
You barely miss the catoblepas. The catoblepas closely misses you.
You claw the catoblepas!
The catoblepas is lightly wounded.
The catoblepas gores you!!
You die...

▓▓▓▓▓▓▓▓▓▓▓▓▓▓▓▓▓▓▓▓▓▓▓▓
)%..YYY@†.).......††'...
▓▓▓▓▓▓▓▓▓▓▓▓▓▓▓▓▓▓▓▓▓▓▓▓▓▓▓▓▓▓▓▓▓
.................................
▓▓▓▓▓▓▓▓▓▓▓▓▓▓▓▓▓▓▓▓▓▓▓▓▓▓▓▓▓▓▓▓▓
.)†.....))..[[[(|?.'_____________
▓▓▓▓▓▓▓▓▓▓▓▓▓▓▓▓▓▓▓▓▓▓▓▓▓▓▓▓▓▓▓▓▓


You could see a death yak, a catoblepas and a yak.

Vanquished Creatures
  A catoblepas (D)
  3 death yaks (D)
  A hill giant (D)
  An ugly thing (D)
  2 komodo dragons (D)
  A troll (D)
  A blink frog (D)
  3 yaks (D)
  2 hippogriffs (D)
  A mottled dragon (D)
  2 water moccasins (D)
  3 porcupines (D)
  An orc warrior (D)
  A wolf (D)
  A centaur (D)
  A crocodile (D)
  3 giant frogs (D)
  A scorpion (D)
  A crimson imp (D)
  A hound (D)
  An orc wizard (D)
  3 river rats (D)
  A bat skeleton (D)
  A bat zombie (D)
  2 goblins (D)
  A hobgoblin (D)
  A giant gecko skeleton (D)
  A jackal zombie (D)
  2 rats (D)
44 creatures vanquished.

Vanquished Creatures (collateral kills)
  A wasp (D)
1 creature vanquished.

Grand Total: 45 creatures vanquished

Notes
Turn   | Place    | Note
-------+----------+-------------------------------------------
     0 | D        | LORDOFBUTT the Troll Berserker began the quest for the Orb.
     0 | D        | Reached XP level 1. HP: 22/22 MP: 0/0
    10 | D        | Reached ** piety under Trog
    18 | D        | Noticed a crimson imp
    18 | D        | Noticed a scorpion
    27 | D        | Killed a scorpion
    27 | D        | Reached *** piety under Trog
    27 | D        | Reached skill level 5 in Unarmed Combat
    27 | D        | Reached XP level 2. HP: 13/29 MP: 1/1
    27 | D        | Reached XP level 3. HP: 16/36 MP: 2/2
    31 | D        | Reached skill level 6 in Unarmed Combat
    35 | D        | Reached skill level 5 in Dodging
    35 | D        | Reached XP level 4. HP: 16/44 MP: 3/3
   116 | D        | Found a glowing silver altar of Zin.
   116 | D        | Found a glowing golden altar of the Shining One.
   116 | D        | Found an ancient bone altar of Kikubaaqudgha.
   116 | D        | Found a basalt altar of Yredelemnul.
   116 | D        | Found a shimmering altar of Xom.
   116 | D        | Found a radiant altar of Vehumet.
   117 | D        | Found an iron altar of Okawaru.
   118 | D        | Found a burning altar of Makhleb.
   119 | D        | Found a deep blue altar of Sif Muna.
   120 | D        | Found a bloodstained altar of Trog.
   121 | D        | Found a sparkling altar of Nemelex Xobeh.
   122 | D        | Found a white marble altar of Elyvilon.
   123 | D        | Found a roughly hewn altar of Beogh.
   124 | D        | Found a viscous altar of Jiyva.
   125 | D        | Found a corrupted altar of Lugonu.
   126 | D        | Found a blossoming altar of Fedhas.
   127 | D        | Found a snail-covered altar of Cheibriados.
   128 | D        | Found a shadowy altar of Dithmenos.
   129 | D        | Found a stormy altar of Qazlal.
   130 | D        | Found an opulent altar of Gozag.
   131 | D        | Found a sacrificial altar of Ru.
   132 | D        | Found an oddly glowing altar of Pakellas.
   133 | D        | Found a hide-covered altar of Uskayaw.
   134 | D        | Found a hazy altar of Hepliaklqana.
   265 | D        | Noticed a hill giant
   265 | D        | Noticed a hippogriff
   265 | D        | Noticed a wasp
   265 | D        | Noticed a centaur
   267 | D        | Reached skill level 7 in Unarmed Combat
   271 | D        | Killed a centaur
   271 | D        | Reached **** piety under Trog
   271 | D        | Reached skill level 8 in Unarmed Combat
   271 | D        | Reached XP level 5. HP: 35/50 MP: 4/4
   277 | D        | Killed a wasp
   277 | D        | Reached skill level 9 in Unarmed Combat
   277 | D        | Reached XP level 6. HP: 10/59 MP: 5/5
   284 | D        | Killed a hippogriff
   284 | D        | Reached skill level 10 in Unarmed Combat
   289 | D        | Killed a hill giant
   289 | D        | Reached skill level 10 in Dodging
   289 | D        | Reached skill level 12 in Unarmed Combat
   289 | D        | Reached XP level 7. HP: 15/66 MP: 6/6
   390 | D        | Noticed a red ugly thing
   390 | D        | Noticed a troll
   394 | D        | Killed a troll
   394 | D        | Reached XP level 8. HP: 74/74 MP: 7/7
   404 | D        | Killed a red ugly thing
   404 | D        | Reached ***** piety under Trog
   404 | D        | Reached skill level 13 in Unarmed Combat
   607 | D        | Noticed a komodo dragon
   616 | D        | Killed a komodo dragon
   616 | D        | Received a gift from Trog
   616 | D        | Reached skill level 14 in Unarmed Combat
   616 | D        | Reached XP level 9. HP: 80/80 MP: 8/8
   636 | D        | Received a gift from Trog
   637 | D        | Reached skill level 15 in Unarmed Combat
   754 | D        | Noticed a komodo dragon
   758 | D        | Reached ****** piety under Trog
   774 | D        | Received a gift from Trog
   777 | D        | Killed a komodo dragon
   786 | D        | Got an ichor-stained arbalest {god gift}
   787 | D        | Identified the +8 arbalest of Death's Door {velocity, Fragile rPois Int+6} (Trog gifted it to you in the Dungeon)
   819 | D        | Noticed a catoblepas
   819 | D        | Noticed a death yak
   819 | D        | Noticed a death yak
   819 | D        | Noticed a death yak
   825 | D        | Killed a death yak
   825 | D        | Reached skill level 16 in Unarmed Combat
   825 | D        | Reached XP level 10. HP: 38/88 MP: 9/9
   826 | D        | Noticed a catoblepas
   827 | D        | Noticed a death yak
   832 | D        | Killed a death yak
   837 | D        | Killed a death yak
   837 | D        | Received a gift from Trog
   840 | D        | Killed a catoblepas
   840 | D        | Reached skill level 17 in Unarmed Combat
   855 | D        | Slain by a catoblepas

Vault maps used:
D:        linesprint

Skill      XL: |  1  2  3  4  5  6  7  8  9 10 |
---------------+-------------------------------+-----
Dodging        | 4 5 7 10 12 14 | 14.9
Unarmed Combat | 5 6 8 9 12 14 16 17 | 17.3
Fighting       | |  2.4

Action                   |  1- 3 |  4- 6 |  7- 9 | 10-12 || total
-------------------------+-------+-------+-------+-------++-------
Melee: Unarmed           |    24 |    17 |    81 |    14 ||   136
       Punch             |     1 |     2 |     4 |     2 ||     9
Invok: Brothers in Arms  |       |     1 |       |       ||     1
       Berserk           |       |       |     2 |     1 ||     3
       Burn Spellbooks   |       |       |     1 |       ||     1
  Use: Potion            |       |       |       |     1 ||     1
  Eat: Chunk             |       |     8 |     7 |       ||    15
Armor: Animal skin       |     5 |     3 |    11 |       ||    19
Dodge: Dodged            |     7 |    11 |    34 |     5 ||    57
